 Dungeon Crawl Stone Soup version 0.31-a0-466-g98c9adc2b6 (webtiles) character file.

Game seed: 10780855601970084245

433 MisterAzrael the Changeling (level 6, -3/47 HPs)
             Began as a Draconian Shapeshifter on Aug 6, 2023.
             Was an Initiate of Makhleb.
             Slain by an iguana (9 damage)
             ... on level 7 of the Dungeon.
             The game lasted 00:03:36 (3382 turns).

MisterAzrael the Changeling (DrSh)                  Turns: 3382, Time: 00:03:37

Health: -3/47      AC:  6    Str: 19    XL:     6   Next: 67%
Magic:  7/7        EV: 17    Int:  9    God:    Makhleb [......]
Gold:   225        SH:  0    Dex: 11    Spells: 5/5 levels left

rFire   + .          .
                       - Unarmed
rCold   x . .        (no shield)
rNeg    . . .        (body armour unavailable)
rPois   .            (helmet currently unavailable)
rElec   .            (cloak currently unavailable)
rCorr   .            (gloves currently unavailable)
SInv    .            (boots currently unavailable)
Will    .....        (no amulet)
Stlth   +            c - +5 ring of evasion
HPRegen 0.27/turn    i - ring of fire
MPRegen 0.10/turn

%: no passive effects
@: brilliant, beast-form
A: beast (slay +3), AC +6, unfitting armour, cold-blooded
a: Begin Untransformation, Renounce Religion


You were on level 7 of the Dungeon.
You worshipped Makhleb.
Makhleb was noncommittal.
You were a hulking beast.
You visited 2 branches of the dungeon, and saw 8 of its levels.

You collected 225 gold pieces.

Inventory:

Magical Staves
 h - a staff of conjuration
Jewellery
 c - a +5 ring of evasion (left hand)
 i - a ring of fire (right hand)
Talismans
 b - a beast talisman (active)
Wands
 l - a wand of charming (5)
Scrolls
 d - a scroll of revelation {unknown}
 e - 2 scrolls of fear {unknown}
 f - 2 scrolls of teleportation {unknown}
 o - a scroll of butterflies {unknown}
 p - a scroll of enchant weapon {unknown}
 q - 2 scrolls of identify {unknown}
Potions
 a - a potion of heal wounds {unknown}
 g - a potion of haste {unknown}
 j - a potion of berserk rage {unknown}
 m - a potion of attraction {unknown}
 n - a potion of brilliance


   Skills:
 - Level 1.1 Fighting
 + Level 3.2 Dodging
 + Level 4.3 Unarmed Combat
 + Level 2.4 Invocations
 * Level 4.9 Shapeshifting


You had 5 spell levels left.
You didn't know any spells.
Your spell library contained the following spells:

 Spells                   Type           Power      Damage    Failure   Level
 Foxfire                  Conj/Fire      0%         2x1d4     38%         1
 Ensorcelled Hibernation  Hex/Ice        0%         N/A       52%         2
 Passwall                 Tmut/Erth      0%         N/A       52%         2
 Wereblood                Tmut           0%         N/A       52%         2
 Swiftness                Air            0%         N/A       77%         3
 Irradiate                Conj/Tmut      0%         3d11      100%        5
 Plasma Beam              Fire/Air       0%         2x1d10    100%        6
 Starburst                Conj/Fire      0%         6d3       100%        6


Dungeon Overview and Level Annotations

Branches:
Dungeon (7/15)             Temple (1/1) D:4

Altars:
Ashenzari
Cheibriados
Dithmenos
Elyvilon
Fedhas
Gozag
Hepliaklqana
Makhleb
Okawaru
Ru
Sif Muna
Trog
Uskayaw
Vehumet
Xom
Yredelemnul
Zin
The Shining One

Shops:
D:2 =

Annotations:
D:4 2 runed translucent doors, Dittersdorf's ghost, amateur GrFi
D:6 2 transporters


Innate Abilities, Weirdness & Mutations

You are a hulking beast.
Your limbs bulge with bestial killing power. (Slay +3)
Your plain brown scales are hard. (AC +6)
You cannot fit into any form of body armour.
You are cold-blooded and may be slowed by cold attacks.


Message History

The centaur wields a +0 shortbow.
The centaur shoots an arrow.
The arrow hits you!
The orc priest calls down the wrath of Beogh upon you.
Beogh smites you!
The centaur shoots an arrow.
The arrow barely misses you.
You are too injured to fight recklessly!
You are too injured to fight recklessly!
You are too injured to fight recklessly!
It was a potion of curing.
You feel better.
The centaur shoots an arrow.
The arrow barely misses you.
An orc priest comes into view. It is wielding a +0 short sword.
The orc priest shouts!
The orc priest looks encouraged for a moment.
The centaur shoots an arrow.
The arrow barely misses you.
The orc priest mumbles some strange prayers to Beogh against you.
Beogh smites you!
The centaur shoots an arrow.
The arrow closely misses you.
You feel better.
The orc priest mumbles some strange prayers to Beogh against you.
Beogh smites you! The iguana closely misses you.
The orc priest calls down the wrath of Beogh upon you.
Beogh smites you!
* * * LOW HITPOINT WARNING * * *
There is a stone staircase leading down here.
The iguana misses you.
You climb downwards.
Found a scroll labelled YCISIH NIZIOB.
There is a stone staircase leading up here.
It was a potion of brilliance.
You feel clever all of a sudden. The iguana closely misses you.
You hit the iguana. You tail-slap the iguana.
The iguana is lightly wounded.
The iguana misses you.
You barely miss the iguana. You tail-slap the iguana.
The iguana is moderately wounded.
The iguana closely misses you.
You closely miss the iguana.
The iguana is moderately wounded.
The iguana bites you!
You die...

## .. # #.
... #.
.....#.#####
#...hl?.#
#.#...#.#
#####


You could see an iguana.

Vanquished Creatures
  An ice beast (D:6)
  An ogre (D:6)
  A bullfrog (D:6)
  A howler monkey (D:6)
  A jelly (D:6)
  An iguana (D:6)
  3 adders
  A dart slug (D:2)
  2 orcs (D:4)
  5 ball pythons
  5 bats
  6 endoplasms
  A giant cockroach (D:1)
  6 goblins
  5 hobgoblins
  3 kobolds
  A quokka (D:1)
  6 frilled lizards
  5 rats
55 creatures vanquished.

Notes
Turn   | Place    | Note
-------+----------+-------------------------------------------
     0 | D:1      | MisterAzrael the Draconian Shapeshifter began the quest for
                  | the Orb.
     0 | D:1      | Reached XP level 1. HP: 16/16 MP: 1/1
    94 | D:1      | Reached XP level 2. HP: 23/23 MP: 2/2
   686 | D:2      | Found a glowing silver altar of Zin.
   705 | D:2      | Reached XP level 3. HP: 22/28 MP: 3/3
   969 | D:2      | Found Qyme's Jewellery Emporium.
  1589 | D:3      | Found a faded altar of an unknown god.
  1752 | D:4      | Found a staircase to the Ecumenical Temple.
  1764 | D:4      | Reached XP level 4. HP: 35/35 MP: 4/4
  1782 | Temple   | Entered the Ecumenical Temple
  1857 | Temple   | Became a worshipper of Makhleb the Destroyer
  2076 | D:4      | Found a large runed translucent door.
  2077 | D:4      | Found a large runed translucent door.
  2079 | D:4      | Noticed Dittersdorf's ghost (amateur GrFi)
  2598 | D:5      | Entered Level 5 of the Dungeon
  2598 | D:5      | Noticed an ogre
  2789 | D:6      | Found a hazy altar of Hepliaklqana.
  2792 | D:6      | Noticed an ice beast
  2801 | D:6      | Killed an ice beast
  2802 | D:6      | Reached skill level 1 in Invocations
  2802 | D:6      | Reached XP level 5. HP: 40/40 MP: 4/6
  2954 | D:6      | Found a transporter.
  2962 | D:6      | Found a transporter.
  3127 | D:6      | Reached XP level 6. HP: 43/47 MP: 7/7
  3382 | D:7      | Slain by an iguana

Illustrated notes

Levels and vault maps discovered:
D:1:      dpeg_arrival_line_fractal, layout_rooms,
          nicolae_twisty_statue_hallways
D:2:      layout_rooms, basic_altar, serial_shops, shop
D:3:      layout_loops_ring, ebering_ecumenical_altar_hall
D:4:      kennysheep_big_flooded_room, layout_loops_ring, temple_pool_b,
          ebering_ghost_disaster_area
D:5:      layout_rooms, old_standard_altar, cheibrodos_sewer_entry_bend
D:6:      gammafunk_steamed_eel, layout_loops_ring, mainiacjoe_overflow_paths,
          minmay_misc_feat_plants, kennysheep_generic_room_9
D:7:      layout_basic, grunt_qazlal_clouds
Temple:   minmay_temple_bridge_d

Skill      XL: |  1  2  3  4  5 |
---------------+----------------+-----
Dodging        | 2 3 |  3.2
Shapeshifting  | 4 |  4.9
Invocations    | 1 2 |  2.4
Unarmed Combat | 4 |  4.3
Fighting       | |  1.1

Action                     |  1- 3 |  4- 6 || total
---------------------------+-------+-------++-------
  Melee: Unarmed           |    96 |    52 ||   148
         Tailslap          |    14 |     3 ||    17
         Punch             |     1 |     1 ||     2
    Use: Potion            |       |     4 ||     4
   Stab: Sleeping          |     1 |       ||     1
 Armour: Skin              |    11 |    10 ||    21
  Dodge: Dodged            |    71 |    33 ||   104

Table legend: (Time is in decaauts)
 A = Elapsed time spent in this place.
 B = Non-inter-level travel time spent in this place.
 C = Inter-level travel time spent in this place.
 D = Time resting spent in this place.
 E = Time spent auto-exploring this place.
 F = Levels seen in this place.
 G = Mean time per level.
                   A        B        C        D        E       F      G
               +--------+--------+--------+--------+--------+-----+--------+
         Total |   3376 |   3124 |    252 |    473 |   2169 |   8 |  422.0 |
       Dungeon |   3223 |   3100 |    123 |    473 |   2169 |   7 |  460.4 |
        Temple |    153 |     24 |    129 |      0 |      0 |   1 |  153.0 |
               +--------+--------+--------+--------+--------+-----+--------+

Top non-repeatable levels by time:
     D:4: 809 daAuts
     D:6: 769 daAuts
     D:1: 624 daAuts
     D:3: 621 daAuts
     D:2: 387 daAuts
  Temple: 153 daAuts
     D:5: 7 daAuts
     D:7: 3 daAuts
